 Dungeon Crawl Stone Soup version 0.26-a0-661-g406de6ba63 (webtiles) character file.

Game seed: 3519304233536003589

28901 jasper the Martial Artist (level 13, -2/79 HPs)
             Began as a Gnoll Transmuter on Oct 8, 2020.
             Was an Elder of Ashenzari.
             Slain by a molten gargoyle
             ... wielding a +0 morningstar
              (19 damage)
             ... in a Gauntlet.
             The game lasted 00:32:18 (19415 turns).

jasper the Martial Artist (Gnoll Transmuter)       Turns: 19415, Time: 00:32:19

Health: -2/79      AC:  6    Str: 13    XL:     13   Next: 41%
Magic:  14/26      EV:  9    Int: 21    God:    Ashenzari [****..]
Gold:   824        SH:  0    Dex: 15    Spells: 11/31 levels left

rFire    . . .     SeeInvis +     - Unarmed
rCold    . . .     Faith    .   (shield currently unavailable)
rNeg     . . .     Spirit   .   O - +0 troll leather armour (curse)
rPois    .         Reflect  .   v - +2 helmet (curse)
rElec    .         Harm     .   (no cloak)
rCorr    .         Rampage  .   (gloves currently unavailable)
MR       .....     Clarity  +   (no boots) Stlth +++++.....NoTele +
                                (no amulet)
HPRegen  0.63/turn              p - ring of stealth (curse)
MPRegen  0.20/turn              H - ring of wizardry (curse)

@: blade hands, held
A: distributed training, fangs 1, [berserk 2], deformed body, [frail 2], strong
nose
a: End Transformation, Curse Item, Scrying, Renounce Religion


You were in a Gauntlet.
You worshipped Ashenzari.
Ashenzari was greatly pleased with you.
You had blades for hands.
You visited 3 branches of the dungeon, and saw 14 of its levels.
You also visited: Sewer, Bailey and Gauntlet.

You collected 824 gold pieces.

Inventory:

Hand Weapons
 g - a +0 dagger of venom
 q - a +1 long sword of holy wrath
Missiles
 d - 472 stones
 m - 78 poisoned darts
 M - 4 javelins
 Q - 45 boomerangs (quivered)
Armour
 v - a cursed +2 helmet (worn)
 N - a +1 pair of gloves (melded)
 O - a cursed +0 troll leather armour (worn)
 U - +0 steam dragon scales
Jewellery
 a - an uncursed ring of stealth
 p - a cursed ring of stealth (left scythe-like blade)
 u - an uncursed ring of positive energy
 y - a -4 ring of strength
 B - an uncursed ring of protection from cold
 F - a +6 ring of strength
 H - a cursed ring of wizardry (right scythe-like blade)
 J - an uncursed ring of protection from fire
Wands
 l - a wand of acid (7)
 w - a wand of polymorph (10)
Scrolls
 c - 4 scrolls of amnesia
 e - 3 scrolls of magic mapping
 i - a scroll of fog
 j - 9 scrolls of teleportation
 s - 4 scrolls of blinking
 E - a scroll of holy word
 I - a scroll of noise {unknown}
 K - 3 scrolls of enchant armour {unknown}
 L - 2 scrolls of random uselessness {unknown}
 R - 2 scrolls of enchant weapon
Potions
 b - 3 potions of mutation
 h - 3 potions of resistance
 k - 2 potions of stabbing
 n - a potion of ambrosia
 o - 2 potions of curing
 r - 3 potions of brilliance
 t - 2 potions of haste
 x - 5 potions of flight {unknown}
 z - 3 potions of lignification {unknown}
 A - 3 potions of magic {unknown}
 C - a potion of might {unknown}
 D - 2 potions of degeneration {unknown}
 P - a potion of berserk rage {unknown}
Miscellaneous
 S - a box of beasts (3/3)


   Skills:
 + Level 8.4 Fighting
 + Level 8.0 Short Blades
 + Level 8.0 Long Blades
 + Level 8.0 Axes
 + Level 8.0 Maces & Flails
 + Level 8.0 Polearms
 + Level 8.0 Staves
 + Level 8.0 Slings
 + Level 8.0 Bows
 + Level 8.0 Crossbows
 + Level 8.0 Throwing
 + Level 8.0 Armour
 + Level 9.3 Dodging
 + Level 8.0 Stealth
 + Level 8.0 Shields
 + Level 10.3 Unarmed Combat
 + Level 9.5 Spellcasting
 + Level 6.6(9.0) Conjurations
 + Level 6.6(9.0) Hexes
 + Level 6.6(9.0) Summonings
 + Level 6.6(9.0) Necromancy
 + Level 6.6(9.0) Translocations
 + Level 7.7(10.1) Transmutations
 + Level 6.6(9.0) Fire Magic
 + Level 6.6(9.0) Ice Magic
 + Level 6.6(9.0) Air Magic
 + Level 6.6(9.0) Earth Magic
 + Level 6.6(9.0) Poison Magic
 + Level 8.7 Invocations
 + Level 8.0(10.3) Evocations


You had 11 spell levels left.
You knew the following spells:

 Your Spells              Type           Power        Failure   Level
a - Blade Hands           Tmut           ######....   12%         5
b - Spider Form           Tmut/Pois      ######....   4%          3
c - Ice Form              Ice/Tmut       ######..     8%          4
d - Summon Lightning Spi  Summ/Air       #####...     9%          4
e - Sticky Flame          Conj/Fire      #####...     9%          4

Your spell library contained the following spells:

 Spells                   Type           Power        Failure   Level
 Beastly Appendage        Tmut           ######       3%          1
 Magic Dart               Conj           ####         3%          1
 Shock                    Conj/Air       ####         3%          1
 Summon Small Mammal      Summ           ####         3%          1
 Wereblood                Tmut           ######..     3%          2
 Call Imp                 Summ           #####...     4%          2
 Call Canine Familiar     Summ           #####...     5%          3
 Conjure Flame            Conj/Fire      #####...     5%          3
 Stone Arrow              Conj/Erth      #####.       5%          3
 Summon Guardian Golem    Hex/Summ       #####...     5%          3
 Summon Ice Beast         Ice/Summ       #####...     9%          4
 Fireball                 Conj/Fire      #####.....   16%         5
 Lightning Bolt           Conj/Air       #####.....   16%         5
 Eringya's Noxious Bog    Tmut/Pois      ######....   36%         6
 Starburst                Conj/Fire      #####.....   41%         6
 Chain Lightning          Conj/Air       #####.....   100%        8
 Ignition                 Fire           #####.....   100%        8
 Lehudib's Crystal Spear  Conj/Erth      #####.....   100%        8
 Absolute Zero            Ice            #####.....   100%        9
 Fire Storm               Conj/Fire      #####.....   100%        9


Dungeon Overview and Level Annotations

Branches:
Dungeon (11/15)            Temple (1/1) D:7            Lair (2/6) D:11
  Sewer (visited)          Bailey (visited)         Gauntlet (1/1)
  Swamp: Lair:2-4    Shoals: Lair:2-4     Snake: Lair:2-4    Spider: Lair:2-4
    Orc: D:9-12

Altars:
Ashenzari
Cheibriados
Dithmenos
Elyvilon
Fedhas
Gozag
Hepliaklqana
Kikubaaqudgha
Makhleb
Nemelex Xobeh
Okawaru
Qazlal
Ru
Sif Muna
Trog
Uskayaw
Vehumet
Wu Jian
Xom
Yredelemnul
Zin
The Shining One

Shops:
D:6 (   D:9 *

Annotations:
D:11 exclusion: orc knight Gauntlet 5 transporters, 1 runed translucent door


Innate Abilities, Weirdness & Mutations

Your experience applies equally to all skills.
You have very sharp teeth.
Your uncanny sense of smell can sniff out nearby items.
Armour fits poorly on your strangely shaped body.
[You often lose your temper in combat.]
[You are very frail. (-20% HP)]


Message History

Your Stealth skill increases to level 8!
Your Shields skill increases to level 8!
Your base Evocations skill increases to level 8!
The gargoyle drops a net on you. A large net falls onto you!
You become entangled in the net!
The gargoyle barely misses your lightning spire.
Unknown command.
Unknown command.
You struggle against the net.
The molten gargoyle hits you with a +0 morningstar!!
* * * LOW HITPOINT WARNING * * *
You are engulfed in flames!
* * * LOW HITPOINT WARNING * * *
The gargoyle barely misses you.
You take 30 damage, and have 8/79 hp.
MASSIVE DAMAGE!!
Unknown command.
You feel better.
The gargoyle hits your lightning spire but does no damage.
The molten gargoyle hits you with a +0 morningstar!!
You die...

{#{{{#{{{#{{{#{{{#{{{#{{{#
.......................{#*
########...#########...##
.#.....#.8.#..##...#...{##
.#.###.#...#.#.§.###...{{#
.###...#####.#8^#(.#...{##
...©..©#©.©#.9#§#$©#...##
.###.^.#...#..#9§#.#...{##
.#.###.#...###.9@#.#...{{#
.#.....#8©8#...##..#...{##
####################...##
.......................{#
.#{{{#{{{#{{{#{{{#{{{#{{{#
###{###{###{###{###{###{##
# ### ### ### ### ### *##
#* {#


You could see a molten gargoyle, 2 gargoyles and a friendly lightning spire
(summoned).

Vanquished Creatures
  A catoblepas (Gauntlet)
  A two-headed ogre (D:10)
  A wretched star (Gauntlet)
  An unseen horror (D:11)
  A worldbinder (Gauntlet)
  3 black mambas
  Psyche (D:8)
  A gargoyle (D:7)
  2 cane toads (Lair:1)
  Maggie (D:7)
  A komodo dragon (Lair:1)
  A rime drake (Lair:1)
  A troll (D:10)
  3 blink frogs (Lair:1)
  A hornet (D:8)
  2 centaur simulacra (Gauntlet)
  Sigmund (D:6)
  2 shadows (Gauntlet)
  A small abomination (Gauntlet)
  A wraith (D:11)
  18 yaks
  Eustachio (D:5)
  Menkaure (D:6)
  A steam dragon (D:8)
  2 water moccasins
  4 orc warriors
  3 ice beasts
  3 phantoms
  2 black bears
  2 necrophages
  7 ogres
  A boggart (Gauntlet)
  9 centaurs
  4 big kobolds
  13 bullfrogs
  6 scorpions
  10 wights
  6 howler monkeys
  3 hounds
  A wyvern simulacrum (Gauntlet)
  9 orc priests
  4 bullfrog skeletons
  4 jellies
  2 iguanas
  9 orc wizards
  13 worker ants
  2 bullfrog simulacra (Gauntlet)
  A hound skeleton (D:7)
  A howler monkey zombie (D:5)
  14 adders
  A gnoll (D:1)
  A howler monkey skeleton (D:7)
  5 river rats
  2 white imps
  2 ufetubi
  3 oozes
  2 adder zombies
  An adder skeleton (D:7)
  6 worms
  4 dart slugs
  6 leopard geckos
  69 orcs
  9 bats
  9 giant cockroaches
  9 goblins
  14 hobgoblins
  13 jackals
  23 kobolds
  2 quokkas
  7 ball pythons
  8 frilled lizards
  A jackal zombie (D:5)
  A quokka zombie (D:6)
  8 rats
389 creatures vanquished.

Vanquished Creatures (collateral kills)
  An orc warlord (Bailey)
  A neqoxec (Gauntlet)
  2 orc warriors (Bailey)
  A nameless horror (Bailey)
  A gnoll (Bailey)
  4 goblins (Bailey)
  A hobgoblin (Bailey)
  8 kobolds (Bailey)
19 creatures vanquished.

Vanquished Creatures (others)
  A neqoxec (Gauntlet)
  17 fungi
  26 plants
44 creatures vanquished.

Grand Total: 452 creatures vanquished

Notes
Turn   | Place    | Note
-------+----------+-------------------------------------------
     0 | D:1      | jasper the Gnoll Transmuter began the quest for the Orb.
     0 | D:1      | Reached XP level 1. HP: 17/17 MP: 6/6
   121 | D:1      | Reached XP level 2. HP: 21/23 MP: 7/7
   536 | D:1      | Reached skill level 5 in Spellcasting
   536 | D:1      | Reached XP level 3. HP: 15/28 MP: 6/9
   541 | D:1      | Learned a level 3 spell: Spider Form
   754 | D:1      | Reached skill level 1 in Invocations
  1210 | D:2      | Reached skill level 1 in Short Blades
  1210 | D:2      | Reached skill level 1 in Long Blades
  1210 | D:2      | Reached skill level 1 in Axes
  1210 | D:2      | Reached skill level 1 in Maces & Flails
  1210 | D:2      | Reached skill level 1 in Polearms
  1210 | D:2      | Reached skill level 1 in Staves
  1210 | D:2      | Reached skill level 1 in Slings
  1210 | D:2      | Reached skill level 1 in Bows
  1210 | D:2      | Reached skill level 1 in Crossbows
  1210 | D:2      | Reached skill level 1 in Throwing
  1210 | D:2      | Reached skill level 1 in Armour
  1210 | D:2      | Reached skill level 1 in Stealth
  1210 | D:2      | Reached skill level 1 in Shields
  1210 | D:2      | Reached skill level 1 in Evocations
  1352 | D:2      | Reached XP level 4. HP: 34/34 MP: 11/11
  1685 | D:2      | Reached skill level 1 in Conjurations
  1685 | D:2      | Reached skill level 1 in Hexes
  1685 | D:2      | Reached skill level 1 in Summonings
  1685 | D:2      | Reached skill level 1 in Necromancy
  1685 | D:2      | Reached skill level 1 in Translocations
  1685 | D:2      | Reached skill level 1 in Fire Magic
  1685 | D:2      | Reached skill level 1 in Ice Magic
  1685 | D:2      | Reached skill level 1 in Air Magic
  1685 | D:2      | Reached skill level 1 in Earth Magic
  1685 | D:2      | Reached skill level 1 in Poison Magic
  2363 | D:2      | Reached XP level 5. HP: 40/40 MP: 12/12
  2806 | D:3      | Found a glowing drain.
  2820 | Sewer    | Entered a sewer
  2907 | Sewer    | Noticed a big kobold
  2934 | Sewer    | Killed a big kobold
  2934 | Sewer    | Reached XP level 6. HP: 40/47 MP: 13/13
  2940 | Sewer    | Learned a level 4 spell: Ice Form
  3417 | Sewer    | Reached skill level 5 in Dodging
  3977 | Sewer    | Reached XP level 7. HP: 49/52 MP: 15/15
  4305 | D:3      | Reached skill level 7 in Unarmed Combat
  5417 | D:4      | Found a broken altar of Ashenzari.
  5424 | D:4      | Became a worshipper of Ashenzari the Shackled
  5753 | D:4      | Found a hazy altar of Hepliaklqana.
  5982 | D:5      | Entered Level 5 of the Dungeon
  6082 | D:5      | Reached XP level 8. HP: 53/60 MP: 16/16
  6885 | D:5      | Noticed Eustachio
  6908 | D:5      | Killed Eustachio
  7478 | D:6      | Found a snail-covered altar of Cheibriados.
  7484 | D:6      | Found Xuadeckecw's Antique Weapon Boutique.
  7499 | D:6      | Noticed Menkaure
  7510 | D:5      | Reached skill level 5 in Transmutations
  7510 | D:5      | Reached XP level 9. HP: 50/66 MP: 18/18
  7706 | D:6      | Reached * piety under Ashenzari
  7706 | D:6      | Noticed Sigmund
  7724 | D:6      | Killed Sigmund
  7793 | D:6      | Killed Menkaure
  7814 | D:6      | Found an ancient bone altar of Kikubaaqudgha.
  7829 | D:6      | Reached skill level 5 in Fighting
  8650 | D:7      | Noticed Maggie
  8663 | D:7      | Reached skill level 8 in Unarmed Combat
  8687 | D:7      | Killed Maggie
  8687 | D:7      | Reached skill level 5 in Invocations
  9491 | D:7      | Reached XP level 10. HP: 74/74 MP: 20/20
  9497 | D:7      | Reached skill level 5 in Short Blades
  9497 | D:7      | Reached skill level 5 in Long Blades
  9497 | D:7      | Reached skill level 5 in Axes
  9497 | D:7      | Reached skill level 5 in Maces & Flails
  9497 | D:7      | Reached skill level 5 in Polearms
  9497 | D:7      | Reached skill level 5 in Staves
  9497 | D:7      | Reached skill level 5 in Slings
  9497 | D:7      | Reached skill level 5 in Bows
  9497 | D:7      | Reached skill level 5 in Crossbows
  9497 | D:7      | Reached skill level 5 in Throwing
  9497 | D:7      | Reached skill level 5 in Armour
  9497 | D:7      | Reached skill level 5 in Stealth
  9497 | D:7      | Reached skill level 5 in Shields
  9497 | D:7      | Reached skill level 5 in Evocations
  9568 | D:7      | Found a staircase to the Ecumenical Temple.
  9599 | Temple   | Entered the Ecumenical Temple
  9881 | D:7      | Noticed a gargoyle
  9899 | D:7      | Found a hide-covered altar of Uskayaw.
 10307 | D:8      | Noticed Psyche
 10326 | D:8      | Killed Psyche
 12026 | D:9      | Found Ibyddost's General Store.
 12160 | D:9      | Reached ** piety under Ashenzari
 12181 | D:9      | Learned a level 5 spell: Blade Hands
 12207 | D:9      | Reached XP level 11. HP: 54/81 MP: 13/22
 13043 | D:9      | Reached skill level 9 in Unarmed Combat
 13591 | D:10     | Entered Level 10 of the Dungeon
 13666 | D:10     | Reached skill level 5 in Conjurations
 13666 | D:10     | Reached skill level 5 in Hexes
 13666 | D:10     | Reached skill level 5 in Summonings
 13666 | D:10     | Reached skill level 5 in Necromancy
 13666 | D:10     | Reached skill level 5 in Translocations
 13666 | D:10     | Reached skill level 5 in Fire Magic
 13666 | D:10     | Reached skill level 5 in Ice Magic
 13666 | D:10     | Reached skill level 5 in Air Magic
 13666 | D:10     | Reached skill level 5 in Earth Magic
 13666 | D:10     | Reached skill level 5 in Poison Magic
 14216 | D:10     | Found an iron altar of Okawaru.
 14236 | D:10     | Noticed a two-headed ogre
 14252 | D:10     | Killed a two-headed ogre
 14676 | D:10     | Learned a level 4 spell: Summon Lightning Spire
 14909 | D:11     | Found a flagged portal.
 14926 | Bailey   | Entered a bailey
 14931 | Bailey   | Noticed an orc warlord
 15145 | Bailey   | Found a runed translucent gate.
 15147 | Bailey   | Found a runed translucent gate.
 15151 | Bailey   | Found a runed translucent gate.
 15429 | Bailey   | Killed an orc warlord
 15455 | Bailey   | Identified the Handbook of the Volcanoes
 15457 | Bailey   | Identified a scroll of acquirement
 15457 | Bailey   | Acquired the Guide on Mutagenic Confrontation
 15466 | Bailey   | Learned a level 4 spell: Sticky Flame
 15723 | D:11     | Noticed a white ugly thing
 15739 | D:11     | HP: 4/83 [white ugly thing (19)]
 16137 | D:11     | Noticed an orc knight
 16137 | D:11     | Noticed an orc sorcerer
 16179 | D:11     | Killed an unseen horror
 16301 | D:11     | Noticed a death knight
 16301 | D:11     | Noticed a phantasmal warrior
 16321 | D:11     | Reached *** piety under Ashenzari
 17808 | D:11     | Noticed a white ugly thing
 17860 | D:11     | Found a staircase to the Lair.
 17926 | Lair:1   | Entered Level 1 of the Lair of Beasts
 18111 | Lair:1   | Reached XP level 12. HP: 78/91 MP: 24/24
 18347 | Lair:1   | Reached skill level 10 in Unarmed Combat
 18347 | Lair:1   | Reached XP level 13. HP: 98/98 MP: 24/26
 18665 | Lair:2   | Identified the +2 leather armour "Xuger" {rPois rC+ Dex-4}
 18773 | Lair:2   | Found a gate leading to a gauntlet.
 18778 | Gauntlet | Entered a Gauntlet
 18778 | Gauntlet | Found a transporter.
 18787 | Gauntlet | Found a transporter.
 18790 | Gauntlet | Found a transporter.
 18791 | Gauntlet | Found a transporter.
 18795 | Gauntlet | Found a runed translucent door.
 18795 | Gauntlet | Found a runed translucent door.
 18799 | Gauntlet | Found a transporter.
 18802 | Gauntlet | Found a transporter.
 18803 | Gauntlet | Found a transporter.
 18811 | Gauntlet | Found a transporter.
 18814 | Gauntlet | Found a transporter.
 18815 | Gauntlet | Found a transporter.
 18823 | Gauntlet | Found a transporter.
 18826 | Gauntlet | Found a transporter.
 18827 | Gauntlet | Found a transporter.
 18835 | Gauntlet | Found a transporter.
 18857 | Gauntlet | Reached **** piety under Ashenzari
 19194 | Gauntlet | Gained mutation: Armour fits poorly on your strangely
                  | shaped body. [a neqoxec]
 19198 | Gauntlet | HP: 3/79 [small abomination collision (13)]
 19415 | Gauntlet | Slain by a molten gargoyle

Illustrated notes

Levels and vault maps discovered:
D:1:      lightli_molten_gateway, layout_loops_ring
D:2:      minmay_door_path, layout_loops_corners, kennysheep_generic_room_13
D:3:      layout_rooms, portal_sewer_entry_b
D:4:      layout_loops_corners, kennysheep_little_box,
          lemuel_coloured_pillars_altar
D:5:      layout_basic, uniq_eustachio
D:6:      layout_cave_pools, cheibriados_altar_1, serial_shops, shop,
          basic_altar, supply_closet_lemuel, uniq_menkaure, uniq_sigmund
D:7:      layout_rooms, eat_drink_and_be_merry_uskayaw,
          minmay_temple_entry_gardened_gates, uniq_maggie
D:8:      layout_loops_ring, uniq_psyche
D:9:      layout_layer_cave, serial_shops, shop, special_room [special_room_orc]
D:10:     layout_loops_corners, okawaru_metal_pillars_1_2
D:11:     layout_cave_pods, grunt_lair_entry_orc_guard_hut, enter_bailey_2,
          minmay_the_grid_2x2 [minmay_the_grid_mess, minmay_the_grid_armoury,
          minmay_the_grid_tree, minmay_the_grid_prize_four_corners_diamond_a]
Temple:   dpeg_five_rooms_temple
Lair:1:   layout_chaotic_city, serial_bayou_shore_a
Lair:2:   layout_long_grid, spider_nest_entry_webs, gauntlet_entry_generic,
          beast_lair_carwin_11
Gauntlet: gammafunk_gauntlet_77_escape_option [minmay_gauntlet_arena_77_braids,
          minmay_gauntlet_arena_77_shame_cube,
          minmay_gauntlet_arena_77_checkered, minmay_gauntlet_arena_77_mirror,
          minmay_gauntlet_arena_77_squiggly, gauntlet_exit_watery]

Skill      XL: |  1  2  3  4  5  6  7  8  9 10 11 12 13 |
---------------+----------------------------------------+-----
Spellcasting   | 5 6 7 8 9 |  9.5
Invocations    | 1 2 3 4 5 6 7 8 |  8.7
Short Blades   | 1 2 3 4 5 6 7 8 |  8.0
Long Blades    | 1 2 3 4 5 6 7 8 |  8.0
Axes           | 1 2 3 4 5 6 7 8 |  8.0
Maces & Flails | 1 2 3 4 5 6 7 8 |  8.0
Polearms       | 1 2 3 4 5 6 7 8 |  8.0
Staves         | 1 2 3 4 5 6 7 8 |  8.0
Slings         | 1 2 3 4 5 6 7 8 |  8.0
Bows           | 1 2 3 4 5 6 7 8 |  8.0
Crossbows      | 1 2 3 4 5 6 7 8 |  8.0
Throwing       | 1 2 3 4 5 6 7 8 |  8.0
Armour         | 1 2 3 4 5 6 7 8 |  8.0
Stealth        | 1 2 3 4 5 6 7 8 |  8.0
Shields        | 1 2 3 4 5 6 7 8 |  8.0
Evocations     | 1 2 3 4 5 6 7 8 |  8.0
Conjurations   | 1 2 3 4 5 6 |  6.6
Hexes          | 1 2 3 4 5 6 |  6.6
Summonings     | 1 2 3 4 5 6 |  6.6
Necromancy     | 1 2 3 4 5 6 |  6.6
Translocations | 1 2 3 4 5 6 |  6.6
Fire Magic     | 1 2 3 4 5 6 |  6.6
Ice Magic      | 1 2 3 4 5 6 |  6.6
Air Magic      | 1 2 3 4 5 6 |  6.6
Earth Magic    | 1 2 3 4 5 6 |  6.6
Poison Magic   | 1 2 3 4 5 6 |  6.6
Fighting       | 3 4 5 6 7 8 |  8.4
Transmutations | 4 5 6 7 |  7.7
Dodging        | 5 6 7 8 9 |  9.3
Unarmed Combat | 7 8 9 10 | 10.3

Action                   |  1- 3 |  4- 6 |  7- 9 | 10-12 | 13-15 || total
-------------------------+-------+-------+-------+-------+-------++-------
Melee: Unarmed           |    91 |   194 |   326 |   504 |    27 ||  1142
       Bite              |    10 |    21 |    22 |    23 |     1 ||    77
       Punch             |     3 |     4 |     3 |     9 |       ||    19
       Kick              |     4 |    10 |     5 |       |       ||    19
       Headbutt          |     3 |     5 |     3 |       |       ||    11
       Long sword        |       |     5 |     6 |       |       ||    11
       Dagger            |       |       |     5 |       |       ||     5
Throw: Dart              |       |    78 |    33 |       |       ||   111
       Stone             |       |     1 |     8 |    10 |       ||    19
       Javelin           |       |       |    50 |    14 |       ||    64
       Boomerang         |       |       |       |    26 |     2 ||    28
 Cast: Beastly Appendage |     6 |     8 |     3 |       |       ||    17
       Spider Form       |       |       |    23 |    13 |       ||    36
       Ice Form          |       |       |       |    15 |     2 ||    17
       Blade Hands       |       |       |       |    26 |     4 ||    30
       Summon Lightning  |       |       |       |    13 |     3 ||    16
       Sticky Flame      |       |       |       |     1 |     6 ||     7
Invok: Curse Item        |       |       |     1 |     2 |     1 ||     4
Evoke: Wand              |       |       |     8 |    13 |       ||    21
  Use: Scroll            |       |       |     6 |    16 |     2 ||    24
       Potion            |       |       |     3 |     4 |     4 ||    11
 Stab: Sleeping          |     2 |     5 |     6 |    15 |       ||    28
       Invisible         |       |       |     1 |       |       ||     1
       Distracted        |       |       |       |     1 |       ||     1
Armor: Robe              |    13 |    16 |    19 |    32 |       ||    80
       Skin              |       |       |     5 |    27 |     7 ||    39
       Troll leather arm |       |       |       |    18 |     1 ||    19
Dodge: Dodged            |    61 |   123 |   327 |   365 |    26 ||   902

Table legend: (Time is in decaauts)
 A = Elapsed time spent in this place.
 B = Non-inter-level travel time spent in this place.
 C = Inter-level travel time spent in this place.
 D = Time resting spent in this place.
 E = Time spent auto-exploring this place.
 F = Levels seen in this place.
 G = Mean time per level.
                   A        B        C        D        E       F      G
               +--------+--------+--------+--------+--------+-----+--------+
         Total |  19463 |  18591 |    872 |   2667 |  12300 |  17 | 1144.9 |
       Dungeon |  15590 |  14773 |    817 |   2264 |   9813 |  11 | 1417.3 |
        Temple |    267 |    219 |     48 |      0 |    218 |   1 |  267.0 |
          Lair |    846 |    839 |      7 |     63 |    647 |   2 |  423.0 |
         Sewer |   1520 |   1520 |      0 |      0 |   1224 |   1 | 1520.0 |
        Bailey |    605 |    605 |      0 |    161 |    180 |   1 |  605.0 |
      Gauntlet |    633 |    633 |      0 |    179 |    216 |   1 |  633.0 |
               +--------+--------+--------+--------+--------+-----+--------+

Top non-repeatable levels by time:
     D:9: 1956 daAuts
    D:10: 1950 daAuts
     D:5: 1672 daAuts
     D:8: 1614 daAuts
     D:4: 1579 daAuts
     D:2: 1525 daAuts
   Sewer: 1520 daAuts
    D:11: 1165 daAuts
     D:1: 1157 daAuts
     D:6: 1147 daAuts
     D:7: 1115 daAuts
  Lair:1: 735 daAuts
     D:3: 704 daAuts
Gauntlet: 633 daAuts
  Bailey: 605 daAuts
